AoeStats
← dgominik

MegaRandom

506701340Analyzed
4v4 RM · 19d ago on Sep 14, 2026· 55m 44s· 8 players
Game mode
Random Map
Map size
Large (8 player)
Population
200
Speed
Normal
Resources
Standard
Victory
Conquest
Starting age
Dark Age
Ending age
Imperial Age
RankedLock teamsTeams togetherTeam positionsShared explorationLock speedFull tech treeHidden civsTurbo modeCheats
Victory
Defeat
🇩🇪 Khmer · Germany
945
+14
🇨🇴 Malay · Colombia
938
+14
🇵🇪 Japanese · Peru
929
+15
🇲🇽 Magyars · Mexico
888
+35
🇩🇪 Slavs · Germany
993
-19
🇩🇪 Celts · Germany
914
-15
🇩🇪 Persians · Germany
892
-15
🇩🇪 Huns · Germany
788
-10
gepetoxd95
1:03 Loom
2:26 Loom
11:51 Feudal Age
14:23 Town Watch
17:56 Castle Age
17:23 Horse Collar
18:46 Bloodlines
26:21 Wheelbarrow
29:06 Corvinian Army
29:44 Heavy Plow
30:19 Scale Barding Armor
30:10 Double-Bit Axe
31:59 Chain Barding Armor
33:41 Hand Cart
34:16 Gold Mining
34:18 Stone Mining
35:19 Bow Saw
39:34 Imperial Age
38:15 Gold Shaft Mining
41:50 Elite Magyar Huszar
42:52 Conscription
45:23 Fervor
45:29 Block Printing
45:35 Sanctity
50:23 Plate Barding Armor
49:55 Heavy Scorpion
52:16 Chemistry
51:37 Ballistics
52:29 Masonry
52:16 Murder Holes
53:50 Fletching
54:09 Siege Engineers
54:41 Illumination
CC182
2:20 Loom
10:51 Feudal Age
10:27 Town Watch
10:31 Double-Bit Axe
10:28 Horse Collar
16:56 Fletching
21:53 Castle Age
26:11 Thalassocracy
28:45 Bow Saw
28:26 Treadmill Crane
29:01 Bodkin Arrow
31:54 Forging
32:21 Fishing Lines
33:42 Iron Casting
34:13 Gillnets
35:08 Ballistics
34:44 Murder Holes
35:00 Masonry
35:59 Squires
35:45 Arson
40:57 Imperial Age
39:24 Wheelbarrow
38:56 Man-at-Arms
40:24 Forced Levy
40:49 Conscription
39:52 Long Swordsman
41:45 Blast Furnace
40:54 Two-Handed Swordsman
43:53 Bracer
48:24 Heavy Plow
Φ Lechero
6:39 Loom
9:36 Feudal Age
14:35 Castle Age
14:50 Wheelbarrow
14:07 Double-Bit Axe
14:05 Horse Collar
21:15 Bloodlines
22:02 Bow Saw
23:54 Scale Barding Armor
24:34 Husbandry
29:56 Forging
33:23 Imperial Age
34:05 Chain Barding Armor
34:21 Iron Casting
33:37 Cavalier
34:44 Conscription
37:32 Chemistry
36:45 Double Crossbow
39:31 Blast Furnace
39:07 Plate Barding Armor
39:20 Caravan
40:28 Tusk Swords
40:54 Ballistics
40:47 Light Cavalry
41:39 Hussar
42:14 Fletching
42:24 Padded Archer Armor
41:59 Elite Ballista Elephant
53:01 Bodkin Arrow
53:07 Scale Mail Armor
53:22 Leather Archer Armor
53:06 Murder Holes
53:17 Siege Engineers
53:42 Hand Cart
53:12 Town Watch
53:49 Hand Cart
53:20 Town Watch
54:43 Gold Mining
55:09 Redemption
55:23 Redemption
Causa rellena
11:39 Feudal Age
12:07 Double-Bit Axe
12:47 Loom
20:13 Castle Age
20:40 Wheelbarrow
20:01 Stone Mining
21:51 Fishing Lines
22:46 Bow Saw
28:33 Gold Mining
31:57 Scale Mail Armor
32:07 Forging
32:40 Gillnets
33:49 Hand Cart
37:52 Imperial Age
36:23 Herbal Medicine
36:53 Sanctity
37:03 Yasama
37:07 Treadmill Crane
37:17 Guard Tower
37:48 Ballistics
37:39 Masonry
37:25 Murder Holes
38:43 Chain Mail Armor
39:03 Iron Casting
38:18 Fletching
38:29 Padded Archer Armor
39:49 Chemistry
39:13 Conscription
39:14 Kataparuto
40:22 Gold Shaft Mining
40:49 Two-Man Saw
40:56 Bodkin Arrow
42:01 Blast Furnace
41:32 Plate Mail Armor
41:17 Leather Archer Armor
44:11 Elite Samurai
44:58 Pikeman
45:38 Squires
45:23 Arson
45:39 Squires
45:24 Gambesons
45:24 Arson
45:24 Gambesons
44:59 Man-at-Arms
46:24 Bracer
46:54 Ring Archer Armor
46:30 Scale Barding Armor
45:54 Long Swordsman
47:28 Two-Handed Swordsman
47:29 Halberdier
50:02 Champion
DarkImp09
8:15 Loom
9:29 Loom
11:38 Feudal Age
13:41 Wheelbarrow
13:30 Double-Bit Axe
19:53 Castle Age
19:40 Horse Collar
23:25 Gold Mining
23:26 Stone Mining
29:43 Kamandaran
31:23 Bow Saw
31:45 Town Watch
35:14 Imperial Age
33:06 Crossbowman
35:38 Gold Shaft Mining
35:39 Stone Shaft Mining
35:19 Scale Barding Armor
35:05 Fletching
35:21 Padded Archer Armor
39:59 Bodkin Arrow
40:19 Leather Archer Armor
40:15 Forging
40:26 Chain Barding Armor
39:33 Elite War Elephant
41:51 Thumb Ring
42:16 Conscription
44:01 Ballistics
44:42 Chemistry
43:39 Murder Holes
43:55 Masonry
44:08 Bloodlines
43:59 Husbandry
50:52 Heavy Plow
50:29 Cavalier
53:01 Ring Archer Armor
53:07 Plate Barding Armor
53:08 Iron Casting
dgominik
10:19 Feudal Age
10:49 Double-Bit Axe
10:51 Horse Collar
17:52 Castle Age
19:17 Bow Saw
22:51 Heavy Plow
24:30 Sanctity
24:30 Bloodlines
25:50 Wheelbarrow
25:38 Scale Barding Armor
27:26 Hand Cart
27:51 Forging
29:21 Stone Mining
29:22 Gold Mining
29:41 Husbandry
30:56 Loom
30:58 Town Watch
34:22 Imperial Age
32:05 Masonry
32:16 Ballistics
33:54 Coinage
33:46 Chain Barding Armor
34:01 Iron Casting
33:17 Fletching
34:43 Caravan
34:57 Town Patrol
35:33 Gold Shaft Mining
36:17 Conscription
36:56 Detinets
37:39 Plate Barding Armor
37:00 Bodkin Arrow
38:06 Blast Furnace
39:11 Hoardings
42:17 Elite Boyar
46:05 Light Cavalry
46:48 Hussar
KleinerOregan00
12:31 Feudal Age
16:14 Wheelbarrow
15:24 Loom
16:39 Bloodlines
18:32 Scale Barding Armor
23:50 Castle Age
24:53 Hand Cart
24:48 Double-Bit Axe
26:15 Husbandry
25:38 Light Cavalry
26:43 Bow Saw
29:46 Marauders
29:59 Padded Archer Armor
29:50 Fletching
30:23 Caravan
32:07 Gold Mining
32:07 Stone Mining
33:11 Thumb Ring
33:11 Bodkin Arrow
33:37 Leather Archer Armor
35:29 Gold Shaft Mining
39:59 Imperial Age
37:25 Pikeman
38:06 Squires
37:51 Arson
45:35 Atheism
45:31 Halberdier
John Water
5:23 Loom
11:21 Feudal Age
12:10 Double-Bit Axe
11:59 Man-at-Arms
13:33 Scale Mail Armor
15:02 Arson
19:21 Forging
21:47 Castle Age
20:53 Horse Collar
23:12 Iron Casting
22:59 Heavy Plow
23:12 Bow Saw
24:22 Pikeman
26:45 Fletching
29:31 Wheelbarrow
33:14 Long Swordsman
33:41 Gambesons
38:12 Hand Cart
45:15 Ballistics
45:07 Bodkin Arrow
47:46 Chain Mail Armor
Connection lost

Rejoining the realm…

Still unreachable

The connection could not be restored.

Session expired

The server has moved on; the page needs a fresh start.